 Dungeon Crawl Stone Soup version 0.32-a0-861-g165e151e72 (webtiles) character file.

Game seed: 4592470866893149637

7813 Ajdolov the Frost Mage (level 11, -2/92 HPs)
             Began as a Ghoul Ice Elementalist on Mar 28, 2024.
             Was a Believer of Vehumet.
             Hit by a silver javelin thrown by a minotaur (4 damage)
             ... in a Gauntlet.
             The game lasted 00:36:41 (12516 turns).

Ajdolov the Frost Mage (Ghoul Ice Elementalist)    Turns: 12516, Time: 00:36:41

Health: -2/92      AC: 12    Str: 16    XL:     11   Next: 21%
Magic:  26/27      EV: 11    Int: 28    God:    Vehumet [**....]
Gold:   117        SH:  0    Dex: 13    Spells: 9/20 levels left

rFire   + + .        f - +8 falchion of the Howling Ancients {heavy, Dex+4}
rCold   + . .        (no shield)
rNeg    + + +        p - +2 robe {Will+}
rPois   ∞            (no helmet)
rElec   .            L - +0 cloak of the Thief {Quiet Slay-3 SInv Stlth+}
rCorr   .            K - +0 pair of gloves "Qeavojaso" {rF++ MP+9}
SInv    +            u - +1 pair of boots
Will    +....        O - amulet of Meythich {RegenMP+ Int+7}
Stlth   ++++         x - ring "Feotugov" {Wiz +Blink Str+3 Int+3}
HPRegen 0.00/turn    r - +4 ring of protection
MPRegen 0.60/turn

%: no teleportation, wizardry (x1)
@: inhibited regen
A: claws 1, cold resistance 1, negative energy resistance 3, inhibited
regeneration, torment resistance 2, devour on kill
a: Renounce Religion, Evoke Blink


You were in a Gauntlet.
You worshipped Vehumet.
Vehumet was pleased with you.
You visited 2 branches of the dungeon, and saw 12 of its levels.
You also visited: Sewer and Gauntlet.

You collected 734 gold pieces.
You spent 617 gold pieces at shops.

Inventory:

Hand Weapons
 f - the +8 falchion of the Howling Ancients (weapon) {heavy, Dex+4}
   (You found it on level 9 of the Dungeon)

   Dex+4:     It affects your dexterity (+4).
Missiles
 y - 4 curare-tipped darts
 B - 3 throwing nets
Armour
 p - a +2 robe of willpower (worn)
 u - a +1 pair of boots (worn)
 K - the +0 pair of gloves "Qeavojaso" (worn) {rF++ MP+9}
   (You bought it in a shop on level 4 of the Dungeon)

   rF++:      It greatly protects you from fire.
   MP+9:      It affects your magic capacity (+9).
 L - the +0 cloak of the Thief (worn) {Quiet Slay-3 SInv Stlth+}
   (You bought it in a shop on level 4 of the Dungeon)

   Quiet:     All noise in your surroundings is dampened.
   Slay-3:    It affects your accuracy & damage with ranged weapons and melee
   (-3).
   SInv:      It lets you see invisible.
   Stlth+:    It makes you more stealthy.
Magical Staves
 M - a staff of conjuration
Jewellery
 o - a +4 ring of slaying
 r - a +4 ring of protection (right hand)
 t - an amulet of the acrobat
 x - the ring "Feotugov" (left hand) {Wiz +Blink Str+3 Int+3}
   (You found it on level 4 of the Dungeon)

   [ring of wizardry]

   Wiz:       It improves your spell success rate.
   Str+3:     It affects your strength (+3).
   Int+3:     It affects your intelligence (+3).
   +Blink:    It lets you blink.
 O - the amulet of Meythich (around neck) {RegenMP+ Int+7}
   (You found it in a Gauntlet)

   [amulet of magic regeneration]

   It increases your rate of magic regeneration.
   Int+7:     It affects your intelligence (+7).
   RegenMP+:  It increases your rate of magic regeneration.
Wands
 j - a wand of flame (6)
 w - a wand of charming (8)
 J - a wand of digging (8)
Scrolls
 a - 4 scrolls of teleportation
 e - 3 scrolls of blinking
 h - a scroll of vulnerability {unknown}
 l - 2 scrolls of noise
 m - 3 scrolls of immolation
 q - a scroll of fog {unknown}
 s - a scroll of poison
 A - a scroll of revelation {unknown}
 C - 4 scrolls of amnesia
 D - 2 scrolls of enchant weapon {unknown}
 G - a scroll of brand weapon {unknown}
 H - 2 scrolls of enchant armour
Potions
 b - a potion of magic
 c - 3 potions of attraction {unknown}
 d - 4 potions of curing
 i - 4 potions of might {unknown}
 k - a potion of berserk rage {unknown}
 n - 4 potions of cancellation {unknown}
 z - a potion of invisibility {unknown}
 E - 3 potions of lignification {unknown}
 F - 2 potions of haste {unknown}
 N - a potion of brilliance {unknown}


   Skills:
 * Level 7.0 Fighting
 - Level 1.7 Dodging
 - Level 5.0 Stealth
 - Level 5.0 Spellcasting
 + Level 9.9 Conjurations
 - Level 10.0 Ice Magic


You had 9 spell levels left.
You knew the following spells:

 Your Spells              Type           Power      Damage    Failure   Level
a - Freeze                Ice            100%       1d10      1%          1
b - Frozen Ramparts       Ice            100%       1d16      1%          3
c - Ozocubu's Armour      Ice            58%        N/A       1%          3
d - Summon Ice Beast      Ice/Summ       35%        N/A       1%          3
e - Apportation           Tloc           14%        N/A       2%          1

Your spell library contained the following spells:

 Spells                   Type           Power      Damage    Failure   Level
 Sting                    Conj/Alch      100%       1d9       1%          1
 Shock                    Conj/Air       100%       1d9       1%          1
 Static Discharge         Conj/Air       68%        3-6/arc   1%          2
 Dazzling Flash           Conj/Hex       68%        N/A       1%          3
 Cigotuvi's Dreadful Rot  Necr/Alch/Air  14%        N/A       4%          2
 Jinxbite                 Hex            14%        N/A       4%          2
 Lesser Beckoning         Tloc           14%        N/A       4%          2
 Swiftness                Air            7%         N/A       9%          3
 Teleport Other           Tloc           7%         N/A       9%          3
 Airstrike                Air            3%         2d(1-17)  26%         4
 Dispel Undead            Necr           7%         3d8       26%         4
 Martyr's Knell           Necr/Summ      7%         N/A       26%         4
 Maxwell's Portable Pile  Tloc           7%         2d(6-12)  26%         4
 Summon Blazeheart Golem  Fire/Summ      7%         N/A       26%         4
 Summon Lightning Spire   Summ/Air       7%         N/A       26%         4
 Orb of Destruction       Conj           29%        9d9       36%         7
 Starburst                Conj/Fire      17%        6d6       45%         6
 Alistair's Intoxication  Alch           4%         N/A       56%         5
 Summon Forest            Summ/Tloc      3%         N/A       56%         5
 Summon Mana Viper        Hex/Summ       7%         N/A       56%         5
 Spellforged Servitor     Conj/Summ      17%        N/A       95%         7
 Summon Cactus Giant      Summ           3%         N/A       98%         6
 Maxwell's Capacitive Co  Air            3%         ∞         100%        8
 Chain Lightning          Conj/Air       17%        3d22      100%        9
 Fire Storm               Conj/Fire      17%        8d4       100%        9
 Shatter                  Erth           3%         3d7*      100%        9


Dungeon Overview and Level Annotations

Branches:
Dungeon (11/15)            Temple (1/1) D:7             Orc (0/2) D:9
  Sewer (visited)         Gauntlet (1/1)
   Lair: D:8-11

Altars:
Ashenzari
Cheibriados
Dithmenos
Fedhas
Gozag
Hepliaklqana
Kikubaaqudgha
Makhleb
Nemelex Xobeh
Okawaru
Qazlal
Ru
Sif Muna
Trog
Uskayaw
Vehumet
Wu Jian
Xom
Yredelemnul

Shops:
D:4 [[![*   D:7 !

Annotations:
D:3 Sigmund
D:10 exclusions: orc, 4 orc priests and wolf, Erolcha
D:11 exclusion: two-headed ogre Gauntlet 6 transporters, exclusion: obsidian statue


Innate Abilities, Weirdness & Mutations

You are immune to poison.
You have sharp fingernails.
Your flesh is cold resistant. (rC+)
You are immune to negative energy. (rN+++)
You do not regenerate when monsters are visible.
You are immune to unholy pain and torment.
You thrive by killing the living.


Message History

Your ice beast disappears in a puff of smoke!
The silver javelin closely misses you.
Casting: Ozocubu's Armour (safe; 1% risk of failure)
Confirm with . or Enter, or press ? or * to list all spells.
A chill wind blows around you.
The wall freezes the minotaur but does no damage.
The minotaur shoots an arrow.
The arrow closely misses you.
The arrow closely misses your ice beast.
Okay, then.
Aiming: Throw Flame
Press: ? - help, Shift-Dir - straight line, f - minotaur
Aim: a minotaur, wielding the +8 orcbow "Keysisu" {heavy, Str+2 Int+3 Dex+3}, wearing a +0 chain mail and quivering silver javelins (severely wounded, ally target, 81% to hit)
The puff of flame hits the minotaur but does no damage.
The minotaur is severely wounded.
The wall freezes the minotaur.
The minotaur shoots an arrow.
The arrow hits you!
You feel much better.
The wall freezes the minotaur but does no damage.
The minotaur throws a silver javelin.
The silver javelin pierces through your ice beast!!
The silver javelin pierces through you!!
Your ice beast hits the minotaur but does no damage.
The wall freezes the minotaur!
The minotaur throws a silver javelin.
The silver javelin pierces through your ice beast!!
Your ice beast dies!
Your ice beast disappears in a puff of smoke!
The silver javelin pierces through you.
Okay, then.
The air fills with toxic fumes!
As you read the scroll of poison, it crumbles to dust.
The wall freezes the minotaur.
Your icy armour cracks and falls away as you move.
The frozen ramparts melt away as you move.
The minotaur shoots an arrow.
The arrow hits you!!
* * * LOW HITPOINT WARNING * * *
You feel much better.
The minotaur throws a silver javelin.
The silver javelin pierces through you!!
* * * LOW HITPOINT WARNING * * *
You die...

###. H.. ######'#######
......ZH.....# .###.###.###.#
##.###.###.# ............#
#.###.###.### ###§###@###.####
...☼§§§☼§§H§☼§☼#
...☼☼§§§§§§☼§§§#
#####§§§§§§#####
###########§§§§§§#########
##≈#≈#≈#§#≈########≈#≈#≈#≈###
##.....................§....≈#
#≈..............∩...........##
##..###########..#########..≈#


You could see a minotaur.

Vanquished Creatures
  A worldbinder (Gauntlet)
  A komodo dragon (D:11)
  A troll (D:11)
  A hornet (D:8)
  5 yaks
  Menkaure (D:4)
  An acid dragon (D:9)
  5 orc warriors
  A swamp drake (D:9)
  Pargi (Sewer)
  A black bear (D:5)
  2 ogres
  A boggart (Gauntlet)
  2 centaurs (D:9)
  4 kobold brigands
  A phantom (D:7)
  Blork the orc (D:5)
  3 bullfrogs
  A scorpion (D:4)
  4 wights (D:8)
  10 killer bees
  A howler monkey (D:9)
  2 bombardier beetles
  A crimson imp (D:5)
  2 hounds (D:6)
  2 jellies
  5 orc priests
  Terence (D:3)
  13 orc wizards
  2 iguanas
  5 gnolls
  6 adders
  3 river rats (D:4)
  2 shadow imps
  2 dart slugs
  2 ribbon worms
  29 orcs
  6 endoplasms
  6 giant cockroaches
  3 goblins
  7 hobgoblins
  2 jackals (D:1)
  22 kobolds
  2 quokkas (D:1)
  7 ball pythons
  5 bats
  2 frilled lizards (D:2)
  9 rats
197 creatures vanquished.

Vanquished Creatures (collateral kills)
  A cyclops (D:6)
  An ice devil (Gauntlet)
  A troll (D:11)
  4 yaks
  A steam dragon (D:8)
  A black bear (D:4)
  An ice beast (D:7)
  An orc warrior (D:9)
  2 centaurs
  A kobold brigand (D:6)
  2 gnoll sergeants
  A bullfrog (D:8)
  An orc wizard (D:6)
  4 gnolls
  A white imp (Gauntlet)
  10 orcs
  2 kobolds
35 creatures vanquished.

Vanquished Creatures (others)
  An orc wizard (D:9)
  A white imp (Gauntlet)
  An orc (D:9)
3 creatures vanquished.

Grand Total: 235 creatures vanquished

Notes
Turn   | Place    | Note
-------+----------+-------------------------------------------
     0 | D:1      | Ajdolov the Ghoul Ice Elementalist began the quest for the
                  | Orb.
     0 | D:1      | Reached XP level 1. HP: 14/14 MP: 3/3
   196 | D:1      | Reached XP level 2. HP: 18/20 MP: 0/5
   596 | D:1      | Reached skill level 5 in Ice Magic
   672 | D:1      | Reached XP level 3. HP: 26/26 MP: 6/6
   855 | D:1      | Found a faded altar of an unknown god.
   939 | D:2      | Learned a level 3 spell: Frozen Ramparts
  1712 | D:3      | Noticed Sigmund
  1795 | D:3      | Noticed Terence
  1810 | D:3      | Killed Terence
  1811 | D:3      | Reached XP level 4. HP: 21/33 MP: 0/7
  2096 | D:3      | Reached XP level 5. HP: 26/38 MP: 5/8
  2183 | D:3      | Found a sparkling altar of Nemelex Xobeh.
  2185 | D:3      | Found a hide-covered altar of Uskayaw.
  2189 | D:3      | Found an iron altar of Okawaru.
  2195 | D:3      | Reached skill level 6 in Ice Magic
  3196 | D:4      | Found Geafev's Antique Armour Shoppe.
  3197 | D:4      | Noticed Menkaure
  3225 | D:4      | Noticed a black bear
  3318 | D:4      | Found Biaruf's Antique Armour Emporium.
  3327 | D:4      | Reached skill level 5 in Stealth
  3327 | D:4      | Reached XP level 6. HP: 45/45 MP: 4/9
  3335 | D:4      | Bought a runed robe for 85 gold pieces
  3413 | D:4      | Found Qiunofote's Distillery.
  3437 | D:4      | Reached skill level 7 in Ice Magic
  3523 | D:4      | Found Eryotic's General Store.
  3539 | D:4      | Bought a scroll of teleportation for 30 gold pieces
  3553 | D:4      | Found Furchec's Antique Armour Boutique.
  3593 | D:4      | Killed Menkaure
  3594 | D:4      | Reached XP level 7. HP: 50/50 MP: 10/10
  3682 | D:4      | Identified the ring "Feotugov" {Wiz +Blink Str+3 Int+3}
  3786 | D:4      | Found a glowing drain.
  3797 | Sewer    | Entered a sewer
  3811 | Sewer    | Reached skill level 8 in Ice Magic
  3880 | Sewer    | Learned a level 3 spell: Ozocubu's Armour
  3884 | Sewer    | Learned a level 3 spell: Summon Ice Beast
  3921 | Sewer    | Noticed Pargi
  3928 | Sewer    | Killed Pargi
  3992 | Sewer    | Reached skill level 9 in Ice Magic
  4251 | D:5      | Entered Level 5 of the Dungeon
  4256 | D:5      | Noticed Blork the orc
  4267 | D:5      | Killed Blork the orc
  4344 | D:5      | Reached XP level 8. HP: 57/57 MP: 3/12
  5166 | D:5      | Reached skill level 10 in Ice Magic
  5349 | D:5      | Found a burning altar of Makhleb.
  5396 | D:5      | Reached skill level 1 in Conjurations
  5941 | D:6      | Noticed a cyclops
  6310 | D:6      | Killed a cyclops
  6311 | D:6      | Reached skill level 5 in Spellcasting
  6311 | D:6      | Reached XP level 9. HP: 51/62 MP: 2/16
  6479 | D:7      | Found Pibempuk's Distillery.
  6951 | D:7      | Reached skill level 5 in Conjurations
  7669 | D:7      | Found a staircase to the Ecumenical Temple.
  7725 | Temple   | Entered the Ecumenical Temple
  7732 | Temple   | Became a worshipper of Vehumet
  7948 | D:8      | Noticed a hornet
  7957 | D:8      | Killed a hornet
  8440 | D:8      | Reached XP level 10. HP: 30/69 MP: 14/17
  8623 | D:8      | Reached * piety under Vehumet
  8623 | D:8      | Offered knowledge of Foxfire by Vehumet.
  8736 | D:8      | You fall into a shaft and drop 2 floors!
  8736 | D:10     | Entered Level 10 of the Dungeon
  9051 | D:10     | Noticed Erolcha
  9440 | D:9      | Identified the +8 falchion of the Howling Ancients {heavy,
                  | Dex+4}
  9649 | D:9      | Found an ornate altar of the Wu Jian Council.
  9702 | D:9      | Reached skill level 1 in Fighting
 10173 | D:9      | Reached ** piety under Vehumet
 10173 | D:9      | Offered knowledge of Sting by Vehumet.
 10319 | D:9      | Found a staircase to the Orcish Mines.
 10648 | D:4      | Bought a pair of glowing boots for 225 gold pieces
 10677 | D:4      | Bought a pair of crude gloves for 218 gold pieces
 10677 | D:4      | Identified the +0 pair of gloves "Qeavojaso" {rF++ MP+9}
                  | (You bought it in a shop on level 4 of the Dungeon)
 10879 | D:4      | Bought the +0 cloak of the Thief {Quiet Slay-3 SInv Stlth+}
                  | for 59 gold pieces
 10879 | D:4      | Found the +0 cloak of the Thief {Quiet Slay-3 SInv Stlth+}
 11057 | D:10     | Found an ancient bone altar of Kikubaaqudgha.
 11075 | D:10     | Reached skill level 5 in Fighting
 11789 | D:11     | Reached XP level 11. HP: 89/89 MP: 18/18
 11864 | D:11     | Noticed a two-headed ogre
 11909 | D:11     | Found a gate leading to a gauntlet.
 11931 | Gauntlet | Entered a Gauntlet
 11931 | Gauntlet | Noticed a large abomination
 11931 | Gauntlet | Found a transporter.
 11931 | Gauntlet | Found a transporter.
 11931 | Gauntlet | Found a transporter.
 11934 | Gauntlet | Found a transporter.
 11936 | Gauntlet | Found a transporter.
 11938 | Gauntlet | Found a transporter.
 11941 | Gauntlet | Noticed a worldbinder
 11946 | Gauntlet | Found a transporter.
 11947 | Gauntlet | Found a transporter.
 11948 | Gauntlet | Found a transporter.
 11949 | Gauntlet | Found a transporter.
 11950 | Gauntlet | Noticed a tengu warrior
 11958 | Gauntlet | Found a transporter.
 11960 | Gauntlet | Found a transporter.
 11961 | Gauntlet | Noticed an obsidian statue
 12077 | Gauntlet | Noticed a dire elephant
 12395 | Gauntlet | Identified the amulet of Meythich {RegenMP+ Int+7}
 12402 | Gauntlet | Noticed a bog body
 12402 | Gauntlet | Killed a worldbinder
 12436 | Gauntlet | Learned a level 1 spell: Apportation
 12464 | Gauntlet | Identified the +8 orcbow "Keysisu" {heavy, Str+2 Int+3
                  | Dex+3}
 12464 | Gauntlet | Noticed a minotaur
 12516 | Gauntlet | HP: 2/92 [minotaur/silver javelin (29)]
 12516 | Gauntlet | Hit by a silver javelin thrown by a minotaur

Illustrated notes

Levels and vault maps discovered:
D:1:      heliophobic_arrival_enchanted_forest, layout_loops_ring,
          dilly_ecumenical_altar_fadedgnrine
D:2:      layout_loops_ring, hangedman_decor_riveting, corexii_shack
D:3:      wad_crossroads, layout_basic, nicolae_overflow_macrodata_refinement,
          nrook_mini_vaults, kennysheep_potato, uniq_terence, uniq_sigmund
D:4:      layout_rooms, serial_shops, nicolae_shop_pleasant_corner_grove, shop,
          nicolae_shop_tiny_statue_garden, nicolae_shop_waterfront, shop_statue,
          portal_sewer_entry_e, grunt_decor_one_mirror, uniq_menkaure
D:5:      layout_basic, makhleb_grotto_becter, uniq_blork_the_orc
D:6:      layout_cave_pools, serial_column_ruins, column_ruins_hut_ruined,
          column_ruins_circle_medium, column_ruins_columns_straight,
          column_ruins_open_tiny, column_ruins_corridor_straight,
          column_ruins_open_tiny, serial_library_regret_index_split_case,
          grunt_ministairs_2, wad_floor_pattern_2
D:7:      layout_loops_ring, minmay_temple_entry_glass, serial_shops, shop,
          dreamdust_princess_bridge
D:8:      layout_basic
D:9:      layout_rooms, nicolae_overflow_crystal_walls, erik_orc_1, minivault_5,
          kennysheep_generic_room_13
D:10:     layout_loops_corners, kiku_gazebo_garden_becter,
          erik_lair_orcish_takeover, uniq_erolcha
D:11:     layout_small_grid, gauntlet_entry_generic
Temple:   nicolae_temple_no_exploring_needed
Gauntlet: minmay_gauntlet_mixed_big_or_small [gammafunk_gauntlet_arena_grid,
          minmay_gauntlet_arena_77_checkered, gammafunk_gauntlet_arena_chambers,
          minmay_gauntlet_arena_77_broken_ladder, nicolae_gauntlet_swirl,
          minmay_gauntlet_arena_77_chump_sandwich, gauntlet_exit_watery]

Skill      XL: |  1  2  3  4  5  6  7  8  9 10 11 |
---------------+----------------------------------+-----
Spellcasting   | 2 5 |  5.0
Ice Magic      | 5 6 7 9 10 | 10.0
Stealth        | 3 4 5 |  5.0
Conjurations   | 3 7 9 |  9.9
Fighting       | 5 7 |  7.0
Dodging        | |  1.7

Action                     |  1- 3 |  4- 6 |  7- 9 | 10-12 || total
---------------------------+-------+-------+-------+-------++-------
  Melee: Unarmed           |     5 |       |       |       ||     5
         Dagger            |    21 |    33 |       |       ||    54
         Short sword       |     1 |       |       |       ||     1
         Spear             |       |     6 |   151 |       ||   157
         Flail             |       |       |    12 |    24 ||    36
         Falchion          |       |       |       |    44 ||    44
   Cast: Freeze            |    54 |    18 |    65 |     4 ||   141
         Frozen Ramparts   |     1 |     8 |    36 |    24 ||    69
         Summon Ice Beast  |       |       |    19 |    29 ||    48
         Ozocubu's Armour  |       |       |    11 |    12 ||    23
         Apportation       |       |       |       |     2 ||     2
  Evoke: Wand              |       |     3 |     1 |     8 ||    12
    Use: Scroll            |       |       |       |    11 ||    11
         Potion            |       |       |       |     6 ||     6
   Stab: Sleeping          |     2 |     6 |     6 |     2 ||    16
         Distracted        |       |       |     1 |     1 ||     2
 Armour: Robe              |    31 |    28 |   149 |   115 ||   323
  Dodge: Dodged            |    36 |    29 |   176 |    84 ||   325

Table legend: (Time is in decaauts)
 A = Elapsed time spent in this place.
 B = Non-inter-level travel time spent in this place.
 C = Inter-level travel time spent in this place.
 D = Time resting spent in this place.
 E = Time spent auto-exploring this place.
 F = Levels seen in this place.
 G = Mean time per level.
                   A        B        C        D        E       F      G
               +--------+--------+--------+--------+--------+-----+--------+
         Total |  12599 |  11915 |    684 |    861 |   8218 |  14 |  899.9 |
       Dungeon |  11673 |  10989 |    684 |    693 |   7919 |  11 | 1061.2 |
        Temple |     14 |     14 |      0 |      0 |      0 |   1 |   14.0 |
         Sewer |    319 |    319 |      0 |      2 |    168 |   1 |  319.0 |
      Gauntlet |    591 |    591 |      0 |    166 |    131 |   1 |  591.0 |
               +--------+--------+--------+--------+--------+-----+--------+

Top non-repeatable levels by time:
     D:5: 1455 daAuts
     D:7: 1408 daAuts
     D:3: 1393 daAuts
     D:8: 1199 daAuts
    D:10: 1167 daAuts
     D:9: 1154 daAuts
     D:2: 999 daAuts
     D:4: 923 daAuts
     D:1: 899 daAuts
     D:6: 866 daAuts
Gauntlet: 591 daAuts
   Sewer: 319 daAuts
    D:11: 206 daAuts
  Temple: 14 daAuts
